cohdb
Replays
Latest Replays
All Replays
Popular Replays
Top Player Replays
Match Explorer
How It Works
Community
CoH3 Stats
Reddit
Sign in to upload your games and track your stats! →
Sign in with Steam
Match 41449383
Unlisted
Match 41449383
Overview
Messages
Build Orders
End
Engineer Squad
Construct Barracks
Selects Armored Battlegroup
Selects Veteran Crews
1⁄4-ton 4x4 Truck
Riflemen Squad
Riflemen Squad
Air Support Center
Riflemen Squad
P-47 Dive Bomb
Construct Motor Pool
Selects Fast Deploy
M1 Anti-tank Gun Team
Grasshopper Recon Run
P-47 Strafing Run
M8 Greyhound Armored Car
M1918 Browning Automatic Rifles
Grasshopper Recon Run
P-47 Dive Bomb
Construct Weapon Support Center
Selects M31 Recovery Vehicle
M24 Chaffee Light Tank
M3 Armored Personnel Carrier
M1 Anti-tank Gun Team
Grasshopper Recon Run
Grenade Package
P-47 Dive Bomb
P-47 Strafing Run
Selects War Machine
P-47 Dive Bomb
Construct Tank Depot
Grasshopper Recon Run
Selects M8 Scott SPG
Selects UNKNOWN (2160077)
Sauzer88
Leo
HELLSING
Schizoid
0
0
Comments
sign in to comment!
No comments posted yet!